 Dungeon Crawl Stone Soup version 0.19-a0-1786-g230130f (webtiles) character file.

93 Alarkh the Grave Robber (level 4, 30/30 HPs)
             Began as a Mummy Necromancer on Oct 3, 2016.
             Was a Follower of Uskayaw.
             Safely got out of the dungeon.
             The game lasted 00:03:36 (1713 turns).

Alarkh the Grave Robber (Mummy Necromancer)         Turns: 1713, Time: 00:03:36

Health: 30/30      AC:  2    Str: 11    XL:     4   Next: 36%
Magic:  8/8        EV: 12    Int: 15    God:    Uskayaw [*.....]
Gold:   109        SH:  0    Dex: 12    Spells: 1 memorised, 8 levels left

rFire  x . .     SeeInvis .     f - -3 flail (curse)
rCold  + . .     Gourm    .     a - +0 robe
rNeg   + + +     Faith    .     (no shield)
rPois  ∞         Spirit   .     (no helmet)
rElec  .         Dismiss  .     (no cloak)
rCorr  .         Reflect  .     (no gloves)
MR     .....     Harm     .     (no boots)
Stlth  ++........               (no amulet)
                                (no ring)
                                (no ring)

@: no status effects
A: no food or potions, fire vulnerability, cold resistance 1, negative energy
resistance 3, torment resistance, unbreathing
a: Stomp, Renounce Religion


You escaped.
You worshipped Uskayaw.
Uskayaw was noncommittal.
You were not hungry.

You visited 1 branch of the dungeon, and saw 3 of its levels.

You collected 109 gold pieces.

Inventory:

Hand Weapons
 d - a +0 mace
 f - a cursed -3 flail (weapon)
Armour
 a - a +0 robe (worn)
Books
 b - a book of Necromancy

   Spells                             Type                      Level
   a - Pain                           Necromancy                   1
   b - Animate Skeleton               Necromancy                   1
   c - Vampiric Draining              Necromancy                   3
   d - Regeneration                   Charms/Necromancy            3
   e - Animate Dead                   Necromancy                   4
   f - Control Undead                 Necromancy                   4


   Skills:
 - Level 1.5 Dodging
 - Level 1.5 Stealth
 + Level 3.0 Spellcasting
 + Level 4.9 Necromancy
 + Level 1.2 Invocations


You had 8 spell levels left.
You knew the following spells:

 Your Spells              Type           Power        Failure   Level  Hunger
a - Pain                  Necr           ###.         2%          1    N/A

Dungeon Overview and Level Annotations

Branches:
Dungeon (3/15)

Altars:
Gozag
Uskayaw


Innate Abilities, Weirdness & Mutations

You do not eat or drink.
Your flesh is vulnerable to fire.
You are immune to poison.
Your flesh is cold resistant. (rC+)
You are immune to negative energy. (rN+++)
You are immune to unholy pain and torment.
You can survive without breathing.


Message History

f - a flail Wield which item (- for none, * to show all)? (? for menu, Esc to quit)
It sticks to your hand!
f - a cursed -3 flail (weapon)
You start resting.
HP restored.
As you read the scroll labeled KAMUVU OKLIATY, it crumbles to dust.
Your brain hurts!
It was a scroll of random uselessness.
As you read the scroll labeled BIALAQ NE GILO, it crumbles to dust.
It is a scroll of identify.
You don't have any unidentified items.
(D) Dungeon
Where to? (Enter - D:3, ? - help)
You see here a dagger.
There is a stone staircase leading up here.
You climb upwards.
There is a stone staircase leading down here.
There is a staircase leading out of the dungeon here.
Are you sure you want to leave the Dungeon?
This will make you lose the game!
You have escaped!

#....# ###### #...)##
....># ###.....######
.....# #............#
.....# ##...#.....#..#
....[####...##8###8##.#
...................#..#
.....######..#.....#..#
.............#..@..#..##
.............#.....#...#
.............#.......%.#
............##8###8##..#
....#####....#.....#...#
.......###...!.........#
....##.....####.....##.#
.......................#
...#####...#.##.....####


There were no monsters in sight!

Vanquished Creatures
  Natasha (D:3)
  3 adders
  A worm (D:2)
  A dart slug (D:2)
  2 leopard geckos
  2 orcs (D:2)
  A ball python (D:1)
  2 giant cockroaches (D:2)
  4 goblins
  A hobgoblin (D:3)
  A quokka (D:2)
  2 bats (D:1)
  3 frilled lizards
  9 kobolds
  4 rats
37 creatures vanquished.

Notes
Turn   | Place    | Note
-------+----------+-------------------------------------------
     0 | D:1      | Alarkh the Mummy Necromancer began the quest for the Orb.
     0 | D:1      | Reached XP level 1. HP: 13/13 MP: 3/3
   217 | D:1      | Reached XP level 2. HP: 19/19 MP: 3/5
   537 | D:2      | Found a hide-covered altar of Uskayaw.
   539 | D:2      | Found an opulent altar of Gozag.
   600 | D:2      | Became a worshipper of Uskayaw the Reveler
   622 | D:2      | Reached * piety under Uskayaw
   659 | D:2      | Reached ** piety under Uskayaw
   663 | D:2      | Reached XP level 3. HP: 16/24 MP: 2/7
  1248 | D:3      | Reached skill level 1 in Invocations
  1283 | D:3      | Noticed Natasha
  1293 | D:3      | Killed Natasha
  1293 | D:3      | Reached XP level 4. HP: 18/30 MP: 0/8
  1713 | D:$      | Safely got out of the dungeon.

Vault maps used:
D:1:      scummos_arrival_simple_crosswalls, minmay_door_square
D:2:      minitemple, first_bread
D:3:      minmay_wonky_spiral, grunt_temple_overflow_growth_and_decay,
          lemuel_doored_altar, uniq_natasha, uniq_sigmund

Skill      XL: |  1  2  3 |
---------------+----------+-----
Invocations    | 1 |  1.2
Spellcasting   | 3 |  3.0
Dodging        | |  1.5
Stealth        | |  1.5
Necromancy     | |  4.9

Action                   |  1- 3 |  4- 6 || total
-------------------------+-------+-------++-------
Melee: Mace              |    24 |       ||    24
 Cast: Pain              |    65 |     7 ||    72
  Use: Scroll            |       |     2 ||     2
 Stab: Sleeping          |     1 |       ||     1
Armor: Robe              |     2 |       ||     2
Dodge: Dodged            |    22 |     4 ||    26
